 Dungeon Crawl Stone Soup version 0.21-a0-78-g82a99e0 (webtiles) character file.

618 4thArraOfDagon the Slasher (level 7, 0/61 HPs)
             Began as a Minotaur Abyssal Knight on June 21, 2017.
             Was a Follower of Lugonu.
             Succumbed to a gnoll's poison
             ... on level 4 of the Dungeon.
             The game lasted 00:05:00 (1652 turns).

4thArraOfDagon the Slasher (MiAK)                   Turns: 1652, Time: 00:05:01

Health: 0/61       AC:  7    Str: 15 (17) XL:     7   Next: 21%
Magic:  6/8        EV: 10    Int:  9 (11) God:    Lugonu [*.....]
Gold:   92         SH:  2    Dex:  8 (9)  Spells: 6/6 levels left

rFire    . . .     SeeInvis .   l - +2 dagger (venom)
rCold    . . .     Gourm    .   (no shield)
rNeg     . . .     Faith    .   i - +0 scale mail
rPois    .         Spirit   .   (helmet restricted)
rElec    .         Reflect  +   (no cloak)
rCorr    .         Harm     .   (no gloves)
MR       .....                  (no boots)
Stlth    ..........             k - +2 amulet of reflection
HPRegen  0.20/turn              (no ring)
MPRegen  0.11/turn              (no ring)

@: lethally poisoned (0 -> -7)
A: retaliatory headbutt, horns 2
a: Depart the Abyss, Renounce Religion


You were on level 4 of the Dungeon.
You worshipped Lugonu.
Lugonu was aware of your devotion.
You were not hungry.

You visited 1 branch of the dungeon, and saw 4 of its levels.
You visited the Abyss 1 time.

You collected 92 gold pieces.

Inventory:

Hand Weapons
 a - a +1 falchion
 l - a +2 dagger of venom (weapon)
Armour
 b - a +0 leather armour
 i - a +0 scale mail (worn)
Jewellery
 k - a +2 amulet of reflection (around neck)
 t - an uncursed amulet of guardian spirit
Scrolls
 d - 3 scrolls of remove curse
 e - a scroll of fog {unknown}
 f - a scroll of immolation {unknown}
 g - 2 scrolls of teleportation {unknown}
 j - a scroll of magic mapping {unknown}
 q - a scroll of recharging {unknown}
 r - a scroll of blinking {unknown}
 u - a scroll of identify {unknown}
Potions
 n - a potion of haste {unknown}
Comestibles
 c - 4 bread rations
 h - 2 royal jellies
 m - a meat ration


   Skills:
 + Level 5.1 Fighting
 * Level 6.0 Long Blades
 + Level 4.4 Armour
 + Level 3.4 Dodging
 + Level 3.4 Invocations


You had 6 spell levels left.
You didn't know any spells.

Dungeon Overview and Level Annotations

Branches:
Dungeon (4/15)
 Temple: D:4-7

Altars:
Gozag
Nemelex Xobeh

Annotations:
D:4 Ijyb


Innate Abilities, Weirdness & Mutations

You reflexively headbutt those who attack you in melee.
You have a pair of horns on your head.


Message History

Unknown command.
Unknown command.
You hit the gnoll but do no damage.
The gnoll is severely wounded.
* * * LOW HITPOINT WARNING * * *
You feel sick. The gnoll hits you with a flail!
* * * LOW HITPOINT WARNING * * *
Unknown command.
Unknown command.
* * * LOW HITPOINT WARNING * * *
You feel sick.
Unknown command.
It was a potion of degeneration.
There was something very wrong with that liquid.
You feel weakened.
You feel dopey.
You feel clumsy.
* * * LOW HITPOINT WARNING * * *
You feel sick.
Unknown command.
It was a potion of cancellation.
You feel magically purged.
You die...

########### ..........#
####).....# ########
..##......# #...@g.#
...#......# #.####)##.#
...##.....# #)#.......#
..<#......###'#.#........%
..)#............#.......(.
..(#.#....................
...#.#.........##.........
...#.#.#..................
...#...#.########.........


You could see a gnoll.

Vanquished Creatures
  5 ogres
  3 hounds
  A worker ant (D:4)
  4 adders
  2 gnolls (D:4)
  A worm (D:3)
  2 dart slugs
  A leopard gecko (D:3)
  2 orcs (D:3)
  A giant cockroach (D:3)
  A goblin (D:3)
  A hobgoblin (D:3)
  A jackal (D:4)
  A quokka (D:3)
  3 bats (D:3)
  3 frilled lizards (D:3)
  A kobold (D:2)
  A quokka skeleton (D:4)
  3 rats
37 creatures vanquished.

Notes
Turn   | Place    | Note
-------+----------+-------------------------------------------
     0 | Abyss:1  | 4thArraOfDagon the Minotaur Abyssal Knight began the quest for the Orb.
     0 | Abyss:1  | Reached XP level 1. HP: 19/19 MP: 1/1
   115 | Abyss:2  | Noticed a worldbinder
   134 | Abyss:2  | Noticed a large abomination
   145 | D:1      | Escaped the Abyss
   397 | D:3      | Reached XP level 2. HP: 27/27 MP: 2/2
   500 | D:3      | Noticed an ogre
   505 | D:3      | Killed an ogre
   505 | D:3      | Reached skill level 3 in Long Blades
   505 | D:3      | Reached XP level 3. HP: 33/33 MP: 3/3
   505 | D:3      | Reached XP level 4. HP: 40/40 MP: 4/4
   508 | D:3      | Reached * piety under Lugonu
   568 | D:3      | Reached skill level 4 in Long Blades
   617 | D:3      | Reached XP level 5. HP: 37/47 MP: 4/6
   734 | D:4      | Noticed an ogre
   746 | D:4      | Killed an ogre
   901 | D:2      | Found a faded altar of an unknown god.
  1022 | D:4      | Noticed Ijyb
  1165 | D:3      | Found an opulent altar of Gozag.
  1166 | D:3      | Found a sparkling altar of Nemelex Xobeh.
  1220 | D:4      | Noticed an ogre
  1233 | D:4      | Killed an ogre
  1233 | D:4      | Reached skill level 5 in Long Blades
  1233 | D:4      | Reached XP level 6. HP: 14/55 MP: 7/7
  1370 | D:4      | Reached skill level 5 in Fighting
  1615 | D:4      | Reached XP level 7. HP: 53/61 MP: 2/8
  1636 | D:4      | Reached skill level 6 in Long Blades
  1649 | D:4      | HP: 2/61 [gnoll/flail (7)]
  1652 | D:4      | Succumbed to a gnoll's poison

Vault maps used:
D:1:      minmay_arrival_loop, st_stairs_2
D:2:      chequers_ecumenical_altar_lobes, uniq_crazy_yiuf_cottage
D:3:      grunt_temple_overflow_opulence, kennysheep_generic_room_9
D:4:      first_bread, serial_shops, shop_statue, uniq_ijyb
Abyss:1:  hangedman_abyss_or_decor_jellyfish_corner
Abyss:2:  evilmike_abyss_exit_10

Skill      XL: |  1  2  3  4  5  6  7 |
---------------+----------------------+-----
Invocations    | 2 3 |  3.4
Fighting       | 4 5 |  5.1
Long Blades    | 3 4 5 6 |  6.0
Armour         | 3 4 |  4.4
Dodging        | 2 3 |  3.4

Action                   |  1- 3 |  4- 6 |  7- 9 || total
-------------------------+-------+-------+-------++-------
Melee: Falchion          |    17 |    16 |       ||    33
       Headbutt          |     2 |    14 |     7 ||    23
       Dagger            |       |    70 |    18 ||    88
Invok: Depart the Abyss  |     1 |       |       ||     1
  Use: Scroll            |     1 |     1 |       ||     2
       Potion            |     1 |       |     2 ||     3
  Eat: Chunk             |       |     2 |       ||     2
Armor: Leather armour    |     7 |       |       ||     7
       Scale mail        |       |    21 |     2 ||    23
Dodge: Dodged            |    11 |    44 |    10 ||    65
Block: Other             |       |     3 |     1 ||     4
       Rpst.: Falchion   |     2 |     2 |       ||     4
